 Dungeon Crawl Stone Soup version 0.30.1-11-g7821555f0a (webtiles) character file.

Game seed: 2942484408661473935

318 pkoi the Ruffian (level 6, -8/45 HPs)
             Began as a Draconian Monk on Nov 2, 2023.
             Was a Believer of Hepliaklqana.
             Mangled by an ogre
             ... wielding a +0 giant club
              (27 damage)
             ... on level 5 of the Dungeon.
             The game lasted 00:04:39 (4319 turns).

pkoi the Ruffian (Draconian Monk)                   Turns: 4319, Time: 00:04:39

Health: -8/45      AC:  6    Str: 14    XL:     6   Next: 21%
Magic:  6/6        EV: 12    Int: 12    God:    Hepliaklqana [**....]
Gold:   248        SH:  0    Dex: 13    Spells: 4/5 levels left

rFire   . .          .
                       - Unarmed
rCold   . . .        b - orb {light}
rNeg    + . .        (body armour unavailable)
rPois   .            (helmet restricted)
rElec   .            (no cloak)
rCorr   +            (no gloves)
SInv    .            (no boots)
Will    .....        (no amulet)
Stlth   +            c - ring of resist corrosion
HPRegen 0.27/turn    l - ring of positive energy
MPRegen 0.10/turn

%: no passive effects
@: glowing
A: reduced essence, AC +6, unfitting armour, cold-blooded
a: Renounce Religion, Recall Ancestor, Ancestor Identity


You were on level 5 of the Dungeon.
You worshipped Hepliaklqana.
Hepliaklqana was pleased with you.
You visited 2 branches of the dungeon, and saw 6 of its levels.

You collected 248 gold pieces.

Inventory:

Hand Weapons
 e - a +0 rapier of speed
Missiles
 h - 25 boomerangs (quivered)
 o - 11 poisoned darts
Armour
 b - an orb of light (worn)
Jewellery
 c - a ring of resist corrosion (left hand)
 l - a ring of positive energy (right hand)
Scrolls
 d - a scroll of silence
 g - a scroll of teleportation
 i - a scroll of identify
 k - a scroll of butterflies
 m - a scroll of fog
Potions
 a - a potion of ambrosia
 f - 3 potions of curing
 j - a potion of cancellation


   Skills:
 - Level 3.2 Fighting
 - Level 3.0 Dodging
 + Level 6.9 Unarmed Combat


You had 4 spell levels left.
You knew the following spells:

 Your Spells              Type           Power      Damage    Failure   Level
a - Apportation           Tloc           0%         N/A       32%         1

Your spell library contained the following spells:

 Spells                   Type           Power      Damage    Failure   Level
 Necrotise                Necr           0%         1d4       32%         1
 Summon Small Mammal      Summ           0%         N/A       32%         1


Dungeon Overview and Level Annotations

Branches:
Dungeon (5/15)             Temple (1/1) D:4

Altars:
Ashenzari
Cheibriados
Dithmenos
Elyvilon
Fedhas
Gozag
Hepliaklqana
Kikubaaqudgha
Makhleb
Nemelex Xobeh
Okawaru
Qazlal
Ru
Sif Muna
Trog
Uskayaw
Wu Jian
Xom
Yredelemnul
The Shining One


Innate Abilities, Weirdness & Mutations

Your life essence is reduced to manifest your ancestor. (-10% HP)
Your plain brown scales are hard. (AC +6)
You cannot fit into any form of body armour.
You are cold-blooded and may be slowed by cold attacks.


Message History

Done exploring.
Done exploring.
Done exploring.
(D) Dungeon (T) Temple
Where to? (Enter - D:4, ? - help)
You swap places.
There is a stone staircase leading up here.
There is a stone staircase leading down here.
You climb downwards.
Found a stone staircase leading down.
There is a stone staircase leading up here.
Okay, then.
Found a stone staircase leading down.
You now have 248 gold pieces (gained 15).
There is a stone staircase leading down here.
An ogre comes into view. It is wielding a +0 giant club.
The ogre shouts!
An ogre is nearby!
You hit the ogre.
The ogre is lightly wounded.
You punch the ogre!
The ogre is heavily wounded.
The ogre barely misses you.
You hit the ogre.
The ogre is heavily wounded.
You hit the ogre but do no damage.
The ogre is heavily wounded.
The ogre hits you with a +0 giant club.
You hit the ogre.
The ogre is heavily wounded.
Nhalahla casts a spell at the ogre.
The ogre resists with some effort.
The ogre hits you with a +0 giant club!!
You hit the ogre.
The ogre is severely wounded.
You hit the ogre. You tail-slap the ogre.
The ogre is almost dead.
The ogre hits you with a +0 giant club!!
Ouch! That really hurt!
You die...

#.## #..# #..#
##..# .# ###...#
...# ###.....#
...## #.......#
#.O### ##.......#
#@R####.....#R.#
###...#.....#..###
###.......#.>##.
###...##......
###...#####. ##.##
#.. #..# #.. #.##
##.. # #...


You could see the friendly Nhalahla the hexer and an ogre (ally target).

Vanquished Creatures
  An orc priest (D:4)
  A sleepcap (D:4)
  An orc wizard (D:4)
  7 adders
  20 orcs
  5 ball pythons
  8 endoplasms
  4 giant cockroaches
  4 goblins
  4 hobgoblins
  A jackal (D:4)
  4 kobolds
  3 quokkas
  6 bats
  2 frilled lizards (D:1)
  6 rats
77 creatures vanquished.

Vanquished Creatures (collateral kills)
  A sleepcap (D:4)
  An iguana (D:4)
  A worm (Temple)
  A dart slug (D:4)
  6 orcs
  A hobgoblin (D:4)
  3 jackals (D:4)
14 creatures vanquished.

Grand Total: 91 creatures vanquished

Notes
Turn   | Place    | Note
-------+----------+-------------------------------------------
     0 | D:1      | pkoi the Draconian Monk began the quest for the Orb.
     0 | D:1      | Reached XP level 1. HP: 19/19 MP: 1/1
   184 | D:1      | Reached XP level 2. HP: 26/26 MP: 2/2
   761 | D:1      | Reached skill level 4 in Unarmed Combat
   993 | D:2      | Learned a level 1 spell: Apportation
  1009 | D:2      | Reached XP level 3. HP: 31/31 MP: 3/3
  1776 | D:3      | Reached XP level 4. HP: 15/38 MP: 4/4
  1779 | D:3      | Reached skill level 5 in Unarmed Combat
  3056 | D:4      | Found a staircase to the Ecumenical Temple.
  3095 | Temple   | Entered the Ecumenical Temple
  3495 | Temple   | Became a worshipper of Hepliaklqana the Forgotten
  3495 | Temple   | Reached * piety under Hepliaklqana
  3495 | Temple   | Reached ** piety under Hepliaklqana
  3496 | Temple   | Remembered your ancestor Nhalahla as a hexer
  3525 | Temple   | Reached XP level 5. HP: 36/40 MP: 5/5
  3669 | D:4      | Reached skill level 6 in Unarmed Combat
  4099 | D:4      | Reached XP level 6. HP: 30/45 MP: 6/6
  4281 | D:5      | Entered Level 5 of the Dungeon
  4319 | D:5      | Mangled by an ogre

Illustrated notes

Levels and vault maps discovered:
D:1:      saegor_arrival_under_anarchy, layout_basic
D:2:      layout_basic
D:3:      layout_loops_corners, kennysheep_boxes
D:4:      layout_loops_ring, minmay_temple_entry_statues_pillars
D:5:      layout_cave_pods, uniq_grinder
Temple:   mainiacjoe_temple_cubbyholes

Skill      XL: |  1  2  3  4  5 |
---------------+----------------+-----
Unarmed Combat | 4 5 6 |  6.9
Dodging        | 3 |  3.0
Fighting       | |  3.2

Action                     |  1- 3 |  4- 6 || total
---------------------------+-------+-------++-------
  Melee: Unarmed           |   114 |   134 ||   248
         Tailslap          |    13 |    14 ||    27
 Invoke: Ancestor Life: He |       |     1 ||     1
    Use: Scroll            |     7 |     3 ||    10
         Potion            |     2 |     2 ||     4
   Stab: Distracted        |       |     1 ||     1
         Confused          |       |     1 ||     1
 Armour: Skin              |    30 |    32 ||    62
  Dodge: Dodged            |    58 |    81 ||   139
